 Dungeon Crawl Stone Soup version 0.28.0-1-gb440e238dd (webtiles) character file.

Game seed: 17408540783853371522

231 arthad the Chiller (level 6, 0/58 HPs)
             Began as an Octopode Wanderer on Feb 20, 2022.
             Slain by Duvessa (4 damage)
             ... on level 4 of the Dungeon.
             The game lasted 00:11:28 (4011 turns).

arthad the Chiller (Octopode Wanderer)              Turns: 4011, Time: 00:11:28

Health: 0/58       AC:  8    Str: 11    XL:     6   Next: 4%
Magic:  2/9        EV: 13    Int: 14    God:
Gold:   174        SH:  0    Dex: 14    Spells: 2/9 levels left

rFire   . . .      SeeInvis .   a - +3 quarterstaff
rCold   . . .      Faith    .   (shield currently unavailable)
rNeg    . . .      Spirit   .   b - +1 hat
rPois   .          Reflect  .   (no amulet)
rElec   .          Harm     .   (no ring)
rCorr   .          Rampage  .   (no ring)
Will    .....                   (no ring)
Stlth   ..........              (no ring)
HPRegen 0.19/turn               (no ring)
MPRegen 0.11/turn               (no ring)
                                (no ring)
                                (no ring)

@: berserking, ice-armoured, studying Slings, very quick
A: almost no armour, amphibious, 8 rings, camouflage 1, gelatinous body 1,
(nimble swimmer 1), tentacles
a: no special abilities


You were on level 4 of the Dungeon.
You visited 1 branch of the dungeon, and saw 4 of its levels.

You collected 174 gold pieces.

Inventory:

Hand Weapons
 a - a +3 quarterstaff (weapon)
Missiles
 m - 3 poisoned darts
 q - 59 stones
Armour
 b - a +1 hat (worn)
Wands
 p - a wand of iceblast (1)
Scrolls
 h - a scroll of enchant armour
Potions
 c - a potion of flight {unknown}
 f - a potion of curing
 i - a potion of berserk rage
 j - a potion of mutation {unknown}
 k - a potion of haste {unknown}
 n - a potion of lignification {unknown}


   Skills:
 * Level 2.2 Fighting
 + Level 3.4 Staves
 * Level 2.4 Dodging
 + Level 2.6 Stealth
 * Level 2.3 Spellcasting
 + Level 0.1 Transmutations
 * Level 4.7 Ice Magic
 + Level 0.3 Earth Magic
 - Level 1.1 Evocations


You had 2 spell levels left.
You knew the following spells:

 Your Spells              Type           Power      Damage    Failure   Level
a - Freeze                Ice            60%        1d8       3%          1
b - Ozocubu's Armour      Ice            15%        N/A       10%         3
c - Sandblast             Erth           4%         2d4       21%         1
d - Passwall              Tmut/Erth      1%         N/A       32%         2

Your spell library contained the following spells:

 Spells                   Type           Power      Damage    Failure   Level
 Stone Arrow              Conj/Erth      4%         3d7       54%         3
 Portal Projectile        Hex/Tloc       2%         N/A       56%         3
 Blade Hands              Tmut           0%         N/A       99%         5
 Excruciating Wounds      Necr           0%         N/A       100%        5


Dungeon Overview and Level Annotations

Branches:
Dungeon (4/15)
 Temple: D:4-7

Altars:
Cheibriados

Annotations:
D:4 Dowan, Duvessa


Innate Abilities, Weirdness & Mutations

You cannot wear most types of armour.
You are amphibious.
You can wear up to eight rings at the same time.
Your skin changes colour to match your surroundings (Stealth+).
Your rubbery body absorbs attacks. (AC +1, EV +1)
((You are camouflaged when in or above water. (Stealth+)))
You have tentacles for arms and can constrict up to eight enemies at once.


Message History

Unknown command.
Casting: Freeze (safe; 3% risk of failure)
Confirm with . or Enter, or press ? or * to list all spells.
Aiming: Freeze (safe; 3% risk of failure)
Press: ? - help, Shift-Dir - straight line, f/p - Dowan
Aim: Dowan, wielding a +0 dagger and wearing a +0 robe (moderately wounded)
You freeze Dowan.
Dowan is heavily wounded.
Dowan barely misses you.
Duvessa hits you with a +0 rapier of protection.
Unknown command.
Casting: Freeze (safe; 3% risk of failure)
Confirm with . or Enter, or press ? or * to list all spells.
Aiming: Freeze (safe; 3% risk of failure)
Press: ? - help, Shift-Dir - straight line, f/p - Dowan
Aim: Dowan, wielding a +0 dagger and wearing a +0 robe (heavily wounded)
You freeze Dowan.
Dowan is almost dead.
You feel your willpower return. Dowan gestures at you while chanting.
The puff of frost hits you!
Duvessa hits you with a +0 rapier of protection.
You barely miss Dowan. Your grab misses Dowan.
Dowan is almost dead.
Dowan hits you with a +0 dagger.
* * * LOW HITPOINT WARNING * * *
Duvessa hits you with a +0 rapier of protection!
* * * LOW HITPOINT WARNING * * *
Dowan's feet meld with the ground, briefly.
Dowan casts a spell.
Dowan blinks!
It was a potion of berserk rage.
A red film seems to cover your vision as you go berserk!
You feel yourself moving faster!
You feel mighty!
Duvessa hits you with a +0 rapier of protection.
* * * LOW HITPOINT WARNING * * *
You are too berserk!
You barely miss Duvessa. Your grab misses Duvessa.
Duvessa hits you with a +0 rapier of protection.
You die...

#.##... ...#
#.#.<.## ### #..#
#......##... #..#
#.......#.# #$.#
#....)....# ###..#
#....)).### ....#
##.....##
####e######.).##
#.§@.........##
#....)##.#########
≈.e.# ..(.. ...
...#.### .
..#..#.# . #. #.#
#. #.# . #.#


You could see Duvessa and Dowan.

Vanquished Creatures
  2 orc priests
  Robin (D:3)
  3 adders
  2 worms (D:2)
  6 dart slugs
  7 orcs
  6 ball pythons
  6 endoplasms
  4 giant cockroaches
  14 goblins
  12 hobgoblins
  6 jackals (D:2)
  7 kobolds
  3 quokkas
  8 bats
  10 frilled lizards
  6 rats
103 creatures vanquished.

Vanquished Creatures (others)
  7 plants (D:2)
7 creatures vanquished.

Grand Total: 110 creatures vanquished

Notes
Turn   | Place    | Note
-------+----------+-------------------------------------------
     0 | D:1      | arthad the Octopode Wanderer began the quest for the Orb.
     0 | D:1      | arthad set off with the following items: a +2 quarterstaff,
                  | a +0 hat; and the following spell memorised: Freeze; and
                  | the following spells available to memorise: Ozocubu's
                  | Armour
     0 | D:1      | Reached XP level 1. HP: 11/11 MP: 2/2
   189 | D:1      | Reached XP level 2. HP: 17/18 MP: 3/3
   585 | D:1      | Reached XP level 3. HP: 22/22 MP: 5/5
   625 | D:1      | Reached skill level 1 in Fighting
   830 | D:1      | Reached skill level 1 in Stealth
  1236 | D:2      | Found a snail-covered altar of Cheibriados.
  1281 | D:2      | Learned a level 3 spell: Ozocubu's Armour
  1328 | D:2      | Reached XP level 4. HP: 16/28 MP: 6/6
  2346 | D:3      | Reached XP level 5. HP: 33/33 MP: 6/8
  2353 | D:3      | HP: 1/33 [orc (3)]
  2580 | D:3      | Noticed Robin
  2695 | D:3      | Killed Robin
  3138 | D:3      | Found a faded altar of an unknown god.
  3571 | D:3      | Learned a level 1 spell: Sandblast
  3574 | D:3      | Learned a level 2 spell: Passwall
  3980 | D:4      | Noticed an ogre
  3986 | D:4      | Reached XP level 6. HP: 38/39 MP: 9/9
  3999 | D:4      | Noticed Dowan
  4004 | D:4      | Noticed Duvessa
  4011 | D:4      | Slain by Duvessa

Illustrated notes

Levels and vault maps discovered:
D:1:      shiori_arrival_maze, layout_loops_ring, st_stairs_3
D:2:      layout_loops_ring, basic_altar, serial_glass, glass_columns_a,
          glass_columns_b, hex_large, minmay_lizard_king
D:3:      layout_basic, hellmonk_ecumenical_altar_lost_god, chequers_avenue,
          uniq_robin
D:4:      layout_loops_ring, cheibrodos_sewer_entry_drain, uniq_duvessa,
          uniq_crazy_yiuf_cottage, uniq_pikel

Skill      XL: |  1  2  3  4  5 |
---------------+----------------+-----
Fighting       | 1 2 |  2.2
Stealth        | 1 2 |  2.6
Dodging        | 2 |  2.4
Spellcasting   | 2 |  2.3
Staves         | |  3.4
Transmutations | |  0.1
Ice Magic      | |  4.7
Earth Magic    | |  0.3
Evocations     | |  1.1

Action                   |  1- 3 |  4- 6 || total
-------------------------+-------+-------++-------
Melee: Quarterstaff      |    61 |    89 ||   150
       Constrict         |    12 |    25 ||    37
       Tentacles         |     9 |    18 ||    27
       Punch             |     1 |       ||     1
 Cast: Ozocubu's Armour  |       |     3 ||     3
       Freeze            |       |    11 ||    11
       Sandblast         |       |     1 ||     1
Evoke: Wand              |       |     1 ||     1
  Use: Scroll            |       |     6 ||     6
       Potion            |       |     3 ||     3
 Stab: Sleeping          |    11 |     3 ||    14
       Distracted        |     1 |     1 ||     2
Armor: Skin              |     5 |     8 ||    13
Dodge: Dodged            |    31 |    69 ||   100
